Map: Taito Citadel LE

Players

SCIInewby

  • Race: Protoss Protoss
  • League: Master
  • Spawn Location: 5:00

Autumnstorm - Winner!

  • Race: Protoss Protoss
  • League: Master
  • Spawn Location: 11:00

VOD

Have the link to the VOD?

Description

Time

  • Played on: Feb. 8, 2026, 2 p.m.
  • Length: 12:01
Show
View Real Time Build Order
Export as new Build Order

SCIInewby Protoss 

Build Orders: 1 Gate Expand 

Get SALT Encoding   

  12  0:02  Probe  
  13  0:15  Probe  
  14  0:21  Pylon  
  14  0:31  Probe  
  15  0:40  Gateway  
  15  0:43  Probe  
  16  0:55  Probe  
  17  1:07  Probe  
  18  1:19  Pylon  
  18  1:30  Nexus  
  18  1:31  Zealot  
  20  1:36  Probe  
  21  1:44  Probe, Assimilator  
  22  2:03  Zealot  
  24  2:11  Forge  
  24  2:18  Cybernetics Core  
  24  2:20  Pylon  
  24  2:24  Probe  
  25  2:33  Zealot  
  25  2:36  Probe  
  28  2:48  Probe  
  28  2:50  Assimilator  
  29  2:52  Probe  
  29  2:56  Probe  
  30  3:00  Probe  
  30  3:04  Probe  
  32  3:08  Warp Gate  
  33  3:13  Photon Cannon  
  33  3:15  Pylon  
  32  3:22  Probe  
  32  3:23  Probe  
  32  3:25  Pylon  
  34  3:29  Pylon  
  34  3:30  Probe  
  34  3:31  Probe  
  34  3:40  Gateway  
  36  3:48  Gateway  
  36  3:50  Probe  
  36  3:52  Probe  
  38  3:58  Assimilator x2  
  38  4:08  Photon Cannon  
  38  4:12  Shield Battery  
  38  4:20  Probe  
  38  4:21  Photon Cannon, Probe  
  40  4:33  Pylon  
  40  4:44  Probe  
  40  4:47  Probe, Pylon  
  40  4:51  Pylon  
  42  4:52  Probe  
  42  4:54  Pylon  
  44  5:00  Probe  
  44  5:02  Probe, Zealot x2  
  44  5:04  Zealot  
  51  5:12  Probe  
  51  5:13  Twilight Council  
  52  5:14  Probe  
  53  5:27  Probe  
  53  5:29  Probe  
  53  5:30  Stargate  
  53  5:32  Stargate  
  55  5:39  Charge  
  55  5:41  Stalker x2, Probe  
  60  5:44  Protoss Ground Weapons Level 1  
  60  5:59  Stalker  
  62  6:12  Gateway  
  62  6:14  Gateway  
  62  6:23  Dark Shrine  
  62  6:24  Probe  
  62  6:25  Probe  
  64  6:29  Zealot x3  
  70  6:43  Phoenix x2  
  70  6:52  Fleet Beacon  
  66  6:56  Pylon  
  66  7:00  Pylon  
  66  7:12  Stalker  
  66  7:13  Nexus  
  68  7:19  Photon Cannon  
  68  7:22  Probe x2  
  70  7:27  Pylon  
  70  7:28  Blink  
  62  7:45  Zealot x3  
  62  7:46  Zealot x2  
  62  7:50  Probe x2  
  74  7:52  Carrier  
  80  8:09  Shadow Stride  
  80  8:13  Assimilator  
  80  8:16  Assimilator, Probe  
  80  8:17  Probe  
  82  8:22  Probe  
  82  8:25  Probe x2  
  83  8:30  Probe  
  83  8:33  Probe x2  
  85  8:40  Probe  
  88  8:41  Pylon  
  88  8:44  Phoenix  
  88  8:48  Phoenix  
  88  8:49  Probe  
  88  8:50  Probe  
  88  8:52  Probe  
  95  9:07  Phoenix, Stalker x2  
  95  9:08  Stalker x2  
  105  9:12  Carrier  
  105  9:14  Protoss Air Weapons Level 1  
  111  9:32  Phoenix, Protoss Shields Level 1  
  113  9:38  Probe  
  113  9:39  Probe  
  113  9:40  Stalker x2  
  113  9:41  Stalker x3  
  125  9:56  Pylon, Tempest  
  129  10:02  Nexus  
  129  10:11  Pylon  
  129  10:13  Probe x2  
  129  10:14  Pylon  
  129  10:17  Assimilator  
  107  10:22  Assimilator  
  107  10:29  Stalker x3  
  107  10:31  Dark Templar x2  
  85  10:44  Carrier x2  
  85  10:55  Stalker  
  83  10:57  Stalker x2  
  98  11:10  Probe x2  
  98  11:11  Probe  
  101  11:18  Probe  
  101  11:22  Probe  
  101  11:23  Probe  
  104  11:27  Stalker  
  104  11:28  Stalker  
  108  11:33  Photon Cannon  
  108  11:34  Photon Cannon  
  108  11:35  Photon Cannon  
  88  11:40  Stalker x3  
Show
View Real Time Build Order
Export as new Build Order

Autumnstorm Protoss - Winner!

Build Orders: Carriers 

Get SALT Encoding   

  1  0:00  Probe  
  12  0:06  Probe  
  14  0:14  Probe  
  15  0:26  Pylon  
  15  0:31  Assimilator  
  15  0:46  Gateway  
  15  0:49  Probe  
  16  0:59  Pylon  
  16  1:01  Probe  
  17  1:13  Probe  
  18  1:21  Probe  
  19  1:30  Probe  
  19  1:33  Forge  
  19  1:36  Cybernetics Core  
  20  1:41  Pylon  
  20  1:59  Nexus  
  20  2:09  Assimilator  
  20  2:12  Adept  
  22  2:20  Probe  
  23  2:23  Shield Battery  
  23  2:28  Probe  
  23  2:36  Probe  
  25  2:47  Photon Cannon  
  25  2:57  Probe  
  26  3:00  Photon Cannon  
  26  3:06  Protoss Air Weapons Level 1  
  26  3:07  Probe x2  
  28  3:15  Probe x2  
  30  3:23  Probe  
  30  3:25  Probe  
  30  3:33  Pylon  
  32  3:36  Probe  
  32  3:37  Probe  
  32  3:40  Assimilator  
  34  3:42  Assimilator  
  34  3:48  Probe  
  35  3:49  Probe  
  35  3:53  Cybernetics Core  
  35  3:55  Stargate  
  36  4:00  Probe  
  36  4:01  Probe  
  38  4:10  Probe  
  38  4:11  Probe  
  38  4:14  Robotics Facility  
  40  4:18  Probe  
  40  4:20  Probe  
  42  4:26  Probe  
  42  4:28  Probe  
  44  4:38  Probe  
  44  4:39  Probe  
  50  4:48  Void Ray  
  50  4:50  Fleet Beacon  
  50  4:52  Probe  
  51  4:54  Pylon  
  51  4:55  Pylon  
  51  4:57  Protoss Air Armor Level 1  
  51  5:13  Nexus  
  51  5:15  Pylon  
  51  5:16  Observer  
  51  5:18  Pylon  
  52  5:30  Probe  
  52  5:32  Carrier  
  52  5:34  Probe  
  54  5:38  Probe  
  61  5:46  Probe  
  61  5:47  Probe  
  63  5:59  Probe x2  
  65  6:04  Stargate  
  65  6:06  Stargate  
  65  6:11  Probe x2, Stargate  
  66  6:15  Pylon  
  67  6:23  Probe x2  
  69  6:26  Assimilator  
  69  6:27  Assimilator  
  69  6:34  Protoss Air Weapons Level 2  
  69  6:35  Probe x2  
  66  6:46  Probe  
  64  6:47  Probe x2  
  64  6:53  Photon Cannon  
  66  6:54  Probe  
  66  6:55  Photon Cannon  
  66  6:57  Shield Battery  
  66  6:59  Probe  
  68  7:01  Probe  
  68  7:04  Probe  
  70  7:11  Pylon  
  70  7:12  Probe  
  70  7:13  Pylon, Observer, Probe  
  70  7:14  Pylon  
  77  7:16  Probe  
  77  7:17  Flux Vanes  
  77  7:18  Void Ray  
  78  7:24  Probe, Protoss Air Armor Level 2  
  78  7:25  Probe  
  78  7:28  Probe  
  85  7:30  Void Ray  
  85  7:36  Probe  
  86  7:38  Probe  
  86  7:40  Probe  
  88  7:48  Probe  
  89  7:52  Probe  
  89  7:55  Carrier  
  90  8:04  Probe  
  90  8:05  Carrier  
  103  8:11  Nexus  
  103  8:13  Assimilator  
  103  8:15  Pylon  
  103  8:18  Pylon  
  103  8:19  Tempest, Carrier  
  103  8:22  Assimilator  
  113  8:55  Probe  
  114  8:57  Probe  
  114  8:59  Carrier  
  114  9:00  Probe  
  116  9:05  Pylon  
  116  9:07  Probe  
  116  9:08  Pylon  
  116  9:09  Carrier, Probe  
  134  9:11  Pylon  
  134  9:12  Pylon  
  134  9:13  Probe  
  134  9:14  Pylon  
  134  9:15  Void Ray  
  135  9:21  Probe  
  140  9:25  Probe  
  140  9:29  Void Ray  
  141  9:37  Probe  
  142  9:47  Photon Cannon  
  142  9:49  Probe, Photon Cannon  
  147  9:53  Photon Cannon  
  147  9:54  Shield Battery  
  147  9:56  Shield Battery  
  147  9:58  Void Ray  
  147  10:03  Tempest  
  151  10:21  Tempest x2  
  147  10:34  Tempest  
  147  10:44  Tempest  
  151  10:54  Carrier  
  151  10:55  Tempest  
Tags
 
Composition
Carriers
Matchup
PvP
Replay Pack
Multiplayer
Spawn Locations
Cross Positions
Add a new tag
Caveats
  • Supply blocks, unpowered buildings, or Contaminate may cause inaccurate times.
  • Supply counts are checked every 10 seconds.